Map: Ice and Chrome LE

Players

Neeb

  • Race: Protoss Protoss
  • Spawn Location: 7:00

INnoVation - Winner!

  • Race: Terran Terran
  • Spawn Location: 1:00

Event: StayAtHomestory Cup #2

VOD

Have the link to the VOD?

Description

Time

  • Played on: June 12, 2020, 9:37 a.m.
  • Length: 6:14

All games in this series

Show
View Real Time Build Order
Export as new Build Order

Neeb Protoss 

Build Orders: 1 Gate Expand, Oracle Opening 

Get SALT Encoding   

  12  0:00  Probe  
  13  0:13  Probe  
  14  0:17  Pylon  
  14  0:23  Probe  
  15  0:31  Probe  
  15  0:38  Gateway  
  15  0:39  Probe  
  16  0:48  Assimilator  
  17  0:51  Probe  
  18  1:03  Probe  
  19  1:15  Probe  
  20  1:24  Nexus  
  20  1:33  Cybernetics Core  
  20  1:35  Probe  
  21  1:42  Assimilator  
  21  1:47  Probe  
  21  1:49  Pylon  
  22  1:56  Probe  
  22  1:59  Adept  
  23  2:04  Probe  
  23  2:05  Pylon  
  23  2:13  Probe  
  27  2:23  Stargate  
  27  2:26  Probe  
  28  2:32  Warp Gate  
  28  2:33  Probe  
  29  2:38  Probe  
  29  2:41  Adept, Probe  
  32  2:50  Probe x2  
  34  2:56  Oracle  
  35  3:02  Probe x2  
  37  3:12  Stalker  
  42  3:14  Probe  
  42  3:18  Probe  
  44  3:20  Shield Battery  
  44  3:24  Gateway  
  44  3:28  Gateway  
  44  3:30  Probe  
  44  3:33  Probe  
  46  3:37  Oracle  
  46  3:38  Pylon  
  50  3:48  Probe  
  50  3:52  Probe  
  51  3:59  Assimilator  
  51  4:00  Probe  
  51  4:01  Assimilator  
  52  4:04  Probe  
  52  4:09  Phoenix  
  53  4:12  Nexus, Probe  
  53  4:16  Probe  
  57  4:24  Probe  
  57  4:29  Robotics Facility, Pylon  
  57  4:31  Probe  
  59  4:36  Sentry  
  61  4:40  Probe  
  62  4:47  Probe, Pylon  
  61  4:52  Probe  
  62  5:00  Probe, Stalker  
  62  5:01  Pylon, Stalker x2  
  62  5:04  Probe  
  69  5:09  Shield Battery  
  69  5:10  Immortal  
  69  5:11  Pylon  
  69  5:12  Probe  
  70  5:17  Robotics Bay, Probe  
  75  5:28  Sentry, Stalker  
  77  5:31  Stalker  
  77  5:32  Probe x2  
  77  5:34  Probe  
  80  5:44  Probe x2  
  82  5:53  Stalker  
  88  6:01  Stalker x2  
Show
View Real Time Build Order
Export as new Build Order

INnoVation Terran - Winner!

Build Orders:  

Get SALT Encoding   

  12  0:00  SCV  
  13  0:12  SCV  
  14  0:17  Supply Depot  
  14  0:25  SCV  
  15  0:38  SCV  
  15  0:40  Barracks  
  16  0:43  Refinery  
  16  0:50  SCV  
  17  1:02  SCV  
  18  1:15  SCV  
  19  1:26  Marine  
  19  1:27  Orbital Command  
  20  1:45  Barracks Reactor  
  20  1:47  Command Center  
  20  1:52  SCV  
  21  1:57  Supply Depot  
  21  2:04  SCV  
  22  2:08  Factory  
  22  2:15  Refinery  
  22  2:17  SCV  
  22  2:21  Marine x2  
  25  2:29  SCV  
  26  2:39  Marine x2  
  26  2:41  SCV  
  29  2:52  Widow Mine  
  29  2:53  Starport  
  31  2:58  SCV  
  31  2:59  Orbital Command  
  31  3:03  Marine  
  31  3:04  Marine  
  34  3:10  SCV  
  35  3:14  Widow Mine  
  37  3:21  Marine  
  37  3:22  Marine  
  37  3:25  Supply Depot  
  37  3:26  SCV x2  
  41  3:29  Medivac  
  43  3:37  Factory Tech Lab, Supply Depot  
  43  3:40  SCV  
  43  3:41  SCV  
  45  3:44  Marine x2  
  45  3:53  SCV x2  
  46  3:59  Cyclone  
  46  4:00  Viking  
  51  4:04  Marine x2  
  51  4:07  SCV  
  51  4:09  SCV  
  55  4:13  Supply Depot  
  55  4:22  SCV x2, Marine x2  
  59  4:30  Viking  
  61  4:35  SCV x2, Siege Tank  
  66  4:38  Supply Depot  
  66  4:41  Marine  
  66  4:42  Marine  
  68  4:50  SCV  
  68  4:51  SCV  
  68  5:01  Supply Depot  
  68  5:02  Viking  
  68  5:03  SCV  
  68  5:04  SCV  
  72  5:07  Siege Tank  
  72  5:09  Marine x2  
  72  5:11  Supply Depot  
  77  5:16  SCV  
  78  5:22  SCV  
  78  5:25  Supply Depot  
  78  5:27  Marine x2  
  81  5:28  SCV  
  81  5:32  Viking  
  81  5:35  SCV  
  85  5:40  SCV  
  85  5:41  Siege Tank  
  89  5:47  SCV  
  88  5:50  Marine x2, Command Center  
  88  5:55  SCV  
  89  5:59  SCV  
  81  6:07  Starport Tech Lab  
Tags
 
Add a new tag
Caveats
  • Supply blocks, unpowered buildings, or Contaminate may cause inaccurate times.
  • Supply counts are checked every 10 seconds.